Predators vs Wild

Created - January 24 2012 at 17:10

Goals
1 2 3 T
Predators 1 1 1 3
Wild 0 1 0 1
Shots
1 2 3 T
Predators 12 11 19 42
Wild 10 8 14 32

Period #1

1. Predators , Mikhail Grabovski 15 (Brent Burns, Marian Gaborik) at 19:31

Penalties :
Radek Martinek (MIN) for Holding (Minor) at 2:38, Cody Franson (NSH) for Hooking (Minor) at 5:15, Zbynek Michalek (NSH) for Roughing (Minor) at 7:33, Alexei Ponikarovsky (MIN) for Roughing (Minor) at 11:57, Alexei Ponikarovsky (MIN) for Cross-checking (Minor) at 19:44

Period #2

2. Wild , Michal Rozsival 4 (Ryan Getzlaf, Michael Ryder) at 3:25 (PP)
3. Predators , Steven Stamkos 41 (Tomas Kaberle, Jeff Carter) at 12:23

Penalties :
Chad LaRose (NSH) for Roughing (Minor) at 1:55, Michael Ryder (MIN) for Unsportsmanlike conduct (Major / Game Misconduct) at 8:26, Max Pacioretty (NSH) for Slashing (Minor) at 11:24

Period #3

4. Predators , Jeff Carter 38 (Steven Stamkos, Braydon Coburn) at 4:14 (PP)

Penalties :
Braydon Coburn (NSH) for Holding (Minor) at 1:22, Tom Gilbert (MIN) for Diving (Minor) at 1:44, Joni Pitkanen (MIN) for Holding (Minor) at 3:47, Jeff Carter (NSH) for Tripping (Minor) at 6:40, Paul Gaustad (NSH) for Tripping (Minor) at 10:03, Joel Ward (MIN) for Interference (Minor) at 16:15

Goalie Stats

Pekka Rinne (NSH), 31 saves from 32 shots - (0.969), W, 28-13-3, 60:00 minutes
Chris Mason (MIN), 39 saves from 42 shots - (0.929), L, 4-3-2, 60:00 minutes

Players Stats

Predators
Player Name              G  A  P  +/- PIM S  H  SB FO    MP 
------------------------------------------------------------
Brandon Prust            0  0  0   0  0   0  1  0  1/1   6  
Braydon Coburn           0  1  1   0  2   0  2  5  0/0   21 
Brent Burns              0  1  1   2  0   2  2  1  0/0   22 
Chad LaRose              0  0  0   0  2   0  0  0  0/1   7  
Cody Franson             0  0  0   0  2   0  1  2  0/0   17 
Jeff Carter              1  1  2   2  2   6  0  0  9/15  20 
Jeff Woywitka            0  0  0   0  0   0  1  0  0/0   14 
Marian Gaborik           0  1  1   1  0   8  0  0  3/3   16 
Max Pacioretty           0  0  0   0  2   2  1  0  0/1   16 
Mikhail Grabovski        1  0  1   1  0   5  1  0  10/22 16 
Nicklas Backstrom        0  0  0   0  0   3  1  2  14/30 20 
Patric Hornqvist         0  0  0   0  0   1  0  0  1/2   20 
Paul Gaustad             0  0  0   0  2   0  1  0  11/22 15 
Simon Gagne              0  0  0   0  0   2  0  0  0/2   15 
Steven Stamkos           1  1  2   1  0   12 2  0  0/0   18 
T.J. Galiardi            0  0  0   0  0   1  0  0  4/7   6  
Tomas Kaberle            0  1  1   2  0   0  0  1  0/0   21 
Zbynek Michalek          0  0  0   0  2   0  0  2  0/0   16 
Wild
Player Name              G  A  P  +/- PIM S  H  SB FO    MP 
------------------------------------------------------------
Alexei Ponikarovsky      0  0  0   0  4   1  1  1  2/3   15 
Andrei Markov            0  0  0   0  0   5  0  0  0/0   15 
Andrew Ebbett            0  0  0   0  0   0  0  0  0/1   6  
Bobby Ryan               0  0  0  -1  0   5  1  0  11/19 19 
Christopher Higgins      0  0  0   0  0   1  0  0  2/5   21 
Colin White              0  0  0   0  0   0  0  0  0/0   1  
Joel Ward                0  0  0   0  2   1  0  1  1/1   16 
Jon Sim                  0  0  0  -1  0   0  1  0  0/1   18 
Joni Pitkanen            0  0  0  -1  2   5  1  5  0/0   27 
Michael Ryder            0  1  1  -1  15  2  0  0  0/0   10 
Michal Rozsival          1  0  1   0  0   2  0  1  0/0   8  
Mike Modano              0  0  0   0  0   4  0  0  12/23 17 
Milan Michalek           0  0  0   0  0   1  0  0  1/4   19 
Niclas Wallin            0  0  0  -1  0   0  5  1  0/0   17 
Radek Martinek           0  0  0   0  2   0  1  0  0/0   11 
Ryan Getzlaf             0  1  1  -2  0   3  3  0  24/49 27 
Sami Salo                0  0  0  -1  0   1  0  3  0/0   16 
Tom Gilbert              0  0  0  -1  2   1  3  2  0/0   22 

3 Stars

1 - Pekka Rinne (NSH)
2 - Steven Stamkos (NSH)
3 - Jeff Carter (NSH)

Power Play

Predators - 1 on 7 Attempt(s) - 14.29%
Wild - 1 on 7 Attempt(s) - 14.29%

Penalty Kill

Predators - 6 on 7 Attempt(s) - 85.71% - Score 0 goal in Penalty Kill
Wild - 6 on 7 Attempt(s) - 85.71% - Score 0 goal in Penalty Kill

Game Notes

Michael Ryder ejected from game at 8:26 of 2nd period
Michal Rozsival is injured at 10:00 of 2nd period (Left Foot)

Finance

Level 1 -- Attendance: 4810 (74.00%) -- Ticket Income $481,000.00
Level 2 -- Attendance: 3388 (67.76%) -- Ticket Income $203,280.00
Level 3 -- Attendance: 2716 (77.60%) -- Ticket Income $95,060.00
Level 4 -- Attendance: 2064 (100.00%) -- Ticket Income $41,280.00
Luxury Box -- Attendance: 742 (74.20%) -- Ticket Income $148,400.00
Game was played at the Xcel Energy Center
Total Attendance: 13720 (75.95%)
Total Ticket Income: $1,055,499.00
Other Income: $210,859.80
Total Income: $1,266,359.00


Play by Play

Period #1

0:01 of 1st period - Nicklas Backstrom wins face-off versus Ryan Getzlaf in neutral zone.
0:10 of 1st period - Shot by Ryan Getzlaf.
0:10 of 1st period - Shot Misses the Net.
0:55 of 1st period - Icing by Niclas Wallin.
0:56 of 1st period - Ryan Getzlaf wins face-off versus Mikhail Grabovski in Wild zone.
1:15 of 1st period - Shot by Marian Gaborik.
1:15 of 1st period - Shot Misses the Net.
1:19 of 1st period - Shot by Marian Gaborik.
1:19 of 1st period - Shot Blocked by Joni Pitkanen.
1:23 of 1st period - Shot by Marian Gaborik.
1:23 of 1st period - Stopped by Chris Mason without a rebound.
1:24 of 1st period - Bobby Ryan wins face-off versus Paul Gaustad in Wild zone.
1:52 of 1st period - Bobby Ryan is hit by Paul Gaustad and loses puck.
2:38 of 1st period - Minor Penalty to Radek Martinek for Holding.
2:39 of 1st period - Mikhail Grabovski wins face-off versus Ryan Getzlaf in Wild zone.
2:46 of 1st period - Shot by Jeff Carter.
2:46 of 1st period - Stopped by Chris Mason without a rebound.
2:47 of 1st period - Mike Modano wins face-off versus Mikhail Grabovski in Wild zone.
2:47 of 1st period - Mike Modano is hit by Steven Stamkos.
2:54 of 1st period - Icing by Braydon Coburn.
2:55 of 1st period - Joel Ward wins face-off versus Mikhail Grabovski in Predators zone.
3:45 of 1st period - Shot by Patric Hornqvist.
3:45 of 1st period - Stopped by Chris Mason without a rebound.
3:46 of 1st period - Nicklas Backstrom wins face-off versus Mike Modano in Wild zone.
5:13 of 1st period - Shot by Bobby Ryan.
5:13 of 1st period - Stopped by Pekka Rinne without a rebound.
5:14 of 1st period - Ryan Getzlaf wins face-off versus Paul Gaustad in Predators zone.
5:14 of 1st period - Ryan Getzlaf is hit by Jeff Woywitka.
5:15 of 1st period - Minor Penalty to Cody Franson for Hooking.
5:16 of 1st period - Paul Gaustad wins face-off versus Ryan Getzlaf in Predators zone.
5:29 of 1st period - Shot by Ryan Getzlaf.
5:29 of 1st period - Stopped by Pekka Rinne without a rebound.
5:30 of 1st period - Bobby Ryan wins face-off versus Jeff Carter in Predators zone.
6:18 of 1st period - Shot by Joni Pitkanen.
6:18 of 1st period - Deflect By Michael Ryder.
6:18 of 1st period - Shot Blocked by Braydon Coburn.
6:58 of 1st period - Shot by Andrei Markov.
6:58 of 1st period - Stopped by Pekka Rinne without a rebound.
6:59 of 1st period - Jeff Carter wins face-off versus Christopher Higgins in Predators zone.
7:33 of 1st period - Minor Penalty to Zbynek Michalek for Roughing.
7:34 of 1st period - Paul Gaustad wins face-off versus Ryan Getzlaf in Predators zone.
8:31 of 1st period - Shot by Tom Gilbert.
8:31 of 1st period - Stopped by Pekka Rinne without a rebound.
8:32 of 1st period - Bobby Ryan wins face-off versus Paul Gaustad in Predators zone.
8:35 of 1st period - Shot by Milan Michalek.
8:35 of 1st period - Shot Misses the Net.
8:46 of 1st period - Joel Ward is hit by Braydon Coburn and loses puck.
8:53 of 1st period - Shot by Milan Michalek.
8:53 of 1st period - Shot Hit the Post.
8:55 of 1st period - Shot by Andrei Markov.
8:55 of 1st period - Shot Blocked by Braydon Coburn.
8:57 of 1st period - Shot by Andrei Markov.
8:57 of 1st period - Stopped by Pekka Rinne without a rebound.
8:58 of 1st period - Ryan Getzlaf wins face-off versus Jeff Carter in Predators zone.
8:59 of 1st period - Shot by Joni Pitkanen.
8:59 of 1st period - Stopped by Pekka Rinne without a rebound.
9:00 of 1st period - Ryan Getzlaf wins face-off versus Patric Hornqvist in Predators zone.
9:03 of 1st period - Shot by Michael Ryder.
9:03 of 1st period - Stopped by Pekka Rinne with a rebound.
9:07 of 1st period - Shot by Michael Ryder.
9:07 of 1st period - Stopped by Pekka Rinne without a rebound.
9:08 of 1st period - Ryan Getzlaf wins face-off versus Jeff Carter in Predators zone.
9:25 of 1st period - Shot by Joni Pitkanen.
9:25 of 1st period - Stopped by Pekka Rinne without a rebound.
9:26 of 1st period - Bobby Ryan wins face-off versus Simon Gagne in Predators zone.
9:41 of 1st period - Shot by Niclas Wallin.
9:41 of 1st period - Shot Misses the Net.
10:08 of 1st period - Max Pacioretty is hit by Niclas Wallin and loses puck.
10:45 of 1st period - Shot by Sami Salo.
10:45 of 1st period - Shot Blocked by Braydon Coburn.
10:47 of 1st period - Shot by Sami Salo.
10:47 of 1st period - Stopped by Pekka Rinne without a rebound.
10:48 of 1st period - Ryan Getzlaf wins face-off versus Mikhail Grabovski in Predators zone.
10:58 of 1st period - Icing by Jeff Carter.
10:59 of 1st period - Jeff Carter wins face-off versus Jon Sim in Predators zone.
11:23 of 1st period - Mikhail Grabovski is hit by Niclas Wallin and loses puck.
11:57 of 1st period - Minor Penalty to Alexei Ponikarovsky for Roughing.
11:58 of 1st period - Mike Modano wins face-off versus Nicklas Backstrom in Wild zone.
12:11 of 1st period - Shot by Cody Franson.
12:11 of 1st period - Shot Misses the Net.
12:15 of 1st period - Shot by Nicklas Backstrom.
12:15 of 1st period - Deflect By Max Pacioretty.
12:15 of 1st period - Shot Misses the Net.
12:26 of 1st period - Patric Hornqvist is hit by Tom Gilbert and loses puck.
12:57 of 1st period - Shot by Steven Stamkos.
12:57 of 1st period - Stopped by Chris Mason without a rebound.
12:58 of 1st period - Nicklas Backstrom wins face-off versus Mike Modano in Wild zone.
13:01 of 1st period - Shot by Jeff Carter.
13:01 of 1st period - Shot Blocked by Tom Gilbert.
13:07 of 1st period - Shot by Marian Gaborik.
13:07 of 1st period - Stopped by Chris Mason without a rebound.
13:08 of 1st period - Mikhail Grabovski wins face-off versus Christopher Higgins in Wild zone.
13:17 of 1st period - Shot by Steven Stamkos.
13:17 of 1st period - Shot Misses the Net.
13:21 of 1st period - Shot by Steven Stamkos.
13:21 of 1st period - Stopped by Chris Mason with a rebound.
13:23 of 1st period - Shot by Steven Stamkos.
13:23 of 1st period - Shot Blocked by Joni Pitkanen.
13:25 of 1st period - Shot by Steven Stamkos.
13:25 of 1st period - Stopped by Chris Mason without a rebound.
13:26 of 1st period - Nicklas Backstrom wins face-off versus Mike Modano in Wild zone.
14:07 of 1st period - Shot by Chad LaRose.
14:07 of 1st period - Shot Misses the Net.
14:43 of 1st period - Off-side.
14:44 of 1st period - Paul Gaustad wins face-off versus Mike Modano in neutral zone.
14:46 of 1st period - Off-side.
14:47 of 1st period - Mike Modano wins face-off versus Paul Gaustad in neutral zone.
14:57 of 1st period - Shot by Alexei Ponikarovsky.
14:57 of 1st period - Shot Blocked by Cody Franson.
15:02 of 1st period - Icing by Cody Franson.
15:03 of 1st period - Bobby Ryan wins face-off versus Paul Gaustad in Predators zone.
15:14 of 1st period - Shot by Simon Gagne.
15:14 of 1st period - Stopped by Chris Mason without a rebound.
15:15 of 1st period - Alexei Ponikarovsky wins face-off versus Mikhail Grabovski in Wild zone.
16:49 of 1st period - Steven Stamkos is hit by Jon Sim and loses puck.
18:27 of 1st period - Shot by Marian Gaborik.
18:27 of 1st period - Stopped by Chris Mason with a rebound.
18:31 of 1st period - Shot by Mikhail Grabovski.
18:31 of 1st period - Stopped by Chris Mason without a rebound.
18:32 of 1st period - Ryan Getzlaf wins face-off versus T.J. Galiardi in Wild zone.
18:32 of 1st period - Ryan Getzlaf is hit by Brandon Prust.
19:03 of 1st period - Shot by Joni Pitkanen.
19:03 of 1st period - Shot Misses the Net.
19:05 of 1st period - Shot by Ryan Getzlaf.
19:05 of 1st period - Shot Blocked by Zbynek Michalek.
19:21 of 1st period - Shot by Marian Gaborik.
19:21 of 1st period - Shot Blocked by Joni Pitkanen.
19:23 of 1st period - Shot by Marian Gaborik.
19:23 of 1st period - Shot Misses the Net.
19:25 of 1st period - Shot by Marian Gaborik.
19:25 of 1st period - Shot Misses the Net.
19:27 of 1st period - Shot by Marian Gaborik.
19:27 of 1st period - Shot Misses the Net.
19:29 of 1st period - Shot by Brent Burns.
19:29 of 1st period - Stopped by Chris Mason with a rebound.
19:31 of 1st period - Shot by Mikhail Grabovski.
19:31 of 1st period - Goal by Mikhail Grabovski - Predators : 1 - Wild : 0.
19:32 of 1st period - Mike Modano wins face-off versus Nicklas Backstrom in neutral zone.
19:44 of 1st period - Minor Penalty to Alexei Ponikarovsky for Cross-checking.
19:45 of 1st period - Mike Modano wins face-off versus Nicklas Backstrom in Wild zone.

Period #2

0:01 of 2nd period - Mikhail Grabovski wins face-off versus Ryan Getzlaf in neutral zone.
0:04 of 2nd period - Michal Rozsival is hit by Mikhail Grabovski and loses puck.
0:36 of 2nd period - Shot by Jeff Carter.
0:36 of 2nd period - Shot Misses the Net.
0:40 of 2nd period - Shot by Steven Stamkos.
0:40 of 2nd period - Shot Misses the Net.
0:59 of 2nd period - Nicklas Backstrom is hit by Tom Gilbert and loses puck.
1:24 of 2nd period - Shot by Max Pacioretty.
1:24 of 2nd period - Shot Misses the Net.
1:26 of 2nd period - Shot by Patric Hornqvist.
1:26 of 2nd period - Shot Blocked by Sami Salo.
1:28 of 2nd period - Shot by Cody Franson.
1:28 of 2nd period - Shot Misses the Net.
1:42 of 2nd period - Shot by Brent Burns.
1:42 of 2nd period - Shot Misses the Net.
1:44 of 2nd period - Shot by Steven Stamkos.
1:44 of 2nd period - Stopped by Chris Mason without a rebound.
1:45 of 2nd period - T.J. Galiardi wins face-off versus Ryan Getzlaf in Wild zone.
1:55 of 2nd period - Minor Penalty to Chad LaRose for Roughing.
1:56 of 2nd period - Bobby Ryan wins face-off versus Paul Gaustad in Predators zone.
1:57 of 2nd period - Shot by Tom Gilbert.
1:57 of 2nd period - Shot Misses the Net.
2:01 of 2nd period - Shot by Christopher Higgins.
2:01 of 2nd period - Shot Misses the Net.
2:03 of 2nd period - Shot by Milan Michalek.
2:03 of 2nd period - Shot Misses the Net.
2:05 of 2nd period - Shot by Tom Gilbert.
2:05 of 2nd period - Shot Misses the Net.
2:55 of 2nd period - Shot by Michal Rozsival.
2:55 of 2nd period - Stopped by Pekka Rinne without a rebound.
2:56 of 2nd period - Ryan Getzlaf wins face-off versus Simon Gagne in Predators zone.
3:03 of 2nd period - Shot by Ryan Getzlaf.
3:03 of 2nd period - Shot Blocked by Braydon Coburn.
3:05 of 2nd period - Shot by Ryan Getzlaf.
3:05 of 2nd period - Shot Misses the Net.
3:07 of 2nd period - Shot by Michal Rozsival.
3:07 of 2nd period - Shot Misses the Net.
3:09 of 2nd period - Shot by Joni Pitkanen.
3:09 of 2nd period - Shot Misses the Net.
3:23 of 2nd period - Shot by Michal Rozsival.
3:23 of 2nd period - Shot Blocked by Tomas Kaberle.
3:25 of 2nd period - Shot by Michal Rozsival.
3:25 of 2nd period - Goal by Michal Rozsival - Predators : 1 - Wild : 1.
3:26 of 2nd period - T.J. Galiardi wins face-off versus Mike Modano in neutral zone.
3:45 of 2nd period - Shot by T.J. Galiardi.
3:45 of 2nd period - Shot Blocked by Alexei Ponikarovsky.
3:51 of 2nd period - Shot by Alexei Ponikarovsky.
3:51 of 2nd period - Shot Misses the Net.
3:55 of 2nd period - Shot by Joel Ward.
3:55 of 2nd period - Shot Misses the Net.
3:57 of 2nd period - Shot by Alexei Ponikarovsky.
3:57 of 2nd period - Shot Misses the Net.
4:01 of 2nd period - Shot by Andrei Markov.
4:01 of 2nd period - Shot Blocked by Zbynek Michalek.
4:03 of 2nd period - Shot by Joel Ward.
4:03 of 2nd period - Stopped by Pekka Rinne without a rebound.
4:04 of 2nd period - Bobby Ryan wins face-off versus Paul Gaustad in Predators zone.
4:53 of 2nd period - Shot by Joni Pitkanen.
4:53 of 2nd period - Shot Blocked by Cody Franson.
5:14 of 2nd period - Icing by Niclas Wallin.
5:15 of 2nd period - Ryan Getzlaf wins face-off versus T.J. Galiardi in Wild zone.
5:19 of 2nd period - Off-side.
5:20 of 2nd period - Mike Modano wins face-off versus Mikhail Grabovski in neutral zone.
5:37 of 2nd period - Shot by Jeff Carter.
5:37 of 2nd period - Stopped by Chris Mason with a rebound.
5:41 of 2nd period - Shot by Mikhail Grabovski.
5:41 of 2nd period - Stopped by Chris Mason with a rebound.
5:43 of 2nd period - Shot by Tomas Kaberle.
5:43 of 2nd period - Shot Blocked by Joel Ward.
5:45 of 2nd period - Shot by Marian Gaborik.
5:45 of 2nd period - Shot Misses the Net.
5:49 of 2nd period - Shot by Mikhail Grabovski.
5:49 of 2nd period - Stopped by Chris Mason without a rebound.
5:50 of 2nd period - Ryan Getzlaf wins face-off versus Nicklas Backstrom in Wild zone.
5:59 of 2nd period - Shot by Michael Ryder.
5:59 of 2nd period - Deflect By Milan Michalek.
5:59 of 2nd period - Shot Misses the Net.
6:03 of 2nd period - Shot by Joni Pitkanen.
6:03 of 2nd period - Shot Misses the Net.
6:05 of 2nd period - Shot by Michal Rozsival.
6:05 of 2nd period - Shot Misses the Net.
6:34 of 2nd period - Icing by Braydon Coburn.
6:35 of 2nd period - Nicklas Backstrom wins face-off versus Mike Modano in Predators zone.
7:35 of 2nd period - Shot by Milan Michalek.
7:35 of 2nd period - Deflect By Bobby Ryan.
7:35 of 2nd period - Stopped by Pekka Rinne without a rebound.
7:36 of 2nd period - Milan Michalek wins face-off versus Paul Gaustad in Predators zone.
8:24 of 2nd period - Ryan Getzlaf is hit by Cody Franson and loses puck.
8:26 of 2nd period - Major / Game Misconduct Penalty to Michael Ryder for Unsportsmanlike conduct.
8:26 of 2nd period - Michael Ryder is ejected from game.
8:27 of 2nd period - Mikhail Grabovski wins face-off versus Ryan Getzlaf in Wild zone.
8:53 of 2nd period - Off-side.
8:54 of 2nd period - Mike Modano wins face-off versus Nicklas Backstrom in neutral zone.
9:38 of 2nd period - Off-side.
9:39 of 2nd period - Mikhail Grabovski wins face-off versus Ryan Getzlaf in neutral zone.
9:48 of 2nd period - Shot by Steven Stamkos.
9:48 of 2nd period - Shot Blocked by Joni Pitkanen.
9:50 of 2nd period - Shot by Steven Stamkos.
9:50 of 2nd period - Stopped by Chris Mason without a rebound.
9:51 of 2nd period - Mike Modano wins face-off versus Mikhail Grabovski in Wild zone.
10:00 of 2nd period - Shot by Brent Burns.
10:00 of 2nd period - Shot Blocked by Michal Rozsival.
10:00 of 2nd period - Michal Rozsival from Wild is injured at 10:00 of 2nd period (Left Foot).
10:01 of 2nd period - Ryan Getzlaf wins face-off versus Nicklas Backstrom in Wild zone.
11:01 of 2nd period - Icing by Steven Stamkos.
11:02 of 2nd period - Ryan Getzlaf wins face-off versus Mikhail Grabovski in Predators zone.
11:24 of 2nd period - Minor Penalty to Max Pacioretty for Slashing.
11:25 of 2nd period - Bobby Ryan wins face-off versus Nicklas Backstrom in Predators zone.
11:50 of 2nd period - Shot by Marian Gaborik.
11:50 of 2nd period - Stopped by Chris Mason without a rebound.
11:51 of 2nd period - Jeff Carter wins face-off versus Ryan Getzlaf in Wild zone.
11:55 of 2nd period - Icing by Tom Gilbert.
11:56 of 2nd period - Nicklas Backstrom wins face-off versus Ryan Getzlaf in Wild zone.
12:01 of 2nd period - Shot by Marian Gaborik.
12:01 of 2nd period - Stopped by Chris Mason without a rebound.
12:02 of 2nd period - Jeff Carter wins face-off versus Ryan Getzlaf in Wild zone.
12:23 of 2nd period - Shot by Steven Stamkos.
12:23 of 2nd period - Goal by Steven Stamkos - Predators : 2 - Wild : 1.
12:24 of 2nd period - Marian Gaborik wins face-off versus Bobby Ryan in neutral zone.
13:17 of 2nd period - Shot by Steven Stamkos.
13:17 of 2nd period - Stopped by Chris Mason with a rebound.
13:40 of 2nd period - Zbynek Michalek is hit by Radek Martinek and loses puck.
13:51 of 2nd period - Shot by Alexei Ponikarovsky.
13:51 of 2nd period - Stopped by Pekka Rinne with a rebound.
14:02 of 2nd period - Off-side.
14:03 of 2nd period - Ryan Getzlaf wins face-off versus Paul Gaustad in neutral zone.
14:10 of 2nd period - Cody Franson is hit by Ryan Getzlaf and loses puck.
14:19 of 2nd period - Shot by Ryan Getzlaf.
14:19 of 2nd period - Shot Misses the Net.
15:25 of 2nd period - Shot by Mike Modano.
15:25 of 2nd period - Stopped by Pekka Rinne without a rebound.
15:26 of 2nd period - Ryan Getzlaf wins face-off versus Max Pacioretty in Predators zone.
15:27 of 2nd period - Shot by Milan Michalek.
15:27 of 2nd period - Stopped by Pekka Rinne with a rebound.
15:48 of 2nd period - Nicklas Backstrom is hit by Niclas Wallin.
15:59 of 2nd period - Steven Stamkos is hit by Niclas Wallin and loses puck.
16:08 of 2nd period - Shot by Max Pacioretty.
16:08 of 2nd period - Stopped by Chris Mason without a rebound.
16:09 of 2nd period - Mikhail Grabovski wins face-off versus Mike Modano in Wild zone.
16:22 of 2nd period - Radek Martinek is hit by Brent Burns and loses puck.
16:39 of 2nd period - Shot by Mike Modano.
16:39 of 2nd period - Shot Misses the Net.
17:05 of 2nd period - Shot by Christopher Higgins.
17:05 of 2nd period - Stopped by Pekka Rinne without a rebound.
17:06 of 2nd period - Nicklas Backstrom wins face-off versus Ryan Getzlaf in Predators zone.
17:08 of 2nd period - Steven Stamkos is hit by Ryan Getzlaf and loses puck.
17:34 of 2nd period - Icing by Joni Pitkanen.
17:35 of 2nd period - Ryan Getzlaf wins face-off versus Chad LaRose in Wild zone.
17:53 of 2nd period - Icing by Andrei Markov.
17:54 of 2nd period - Paul Gaustad wins face-off versus Mike Modano in Wild zone.
19:11 of 2nd period - Icing by Niclas Wallin.
19:12 of 2nd period - Ryan Getzlaf wins face-off versus Mikhail Grabovski in Wild zone.
19:14 of 2nd period - Icing by Joni Pitkanen.
19:15 of 2nd period - Mikhail Grabovski wins face-off versus Ryan Getzlaf in Wild zone.
19:24 of 2nd period - Shot by Marian Gaborik.
19:24 of 2nd period - Shot Misses the Net.
19:26 of 2nd period - Shot by Marian Gaborik.
19:26 of 2nd period - Shot Misses the Net.
19:30 of 2nd period - Shot by Brent Burns.
19:30 of 2nd period - Stopped by Chris Mason without a rebound.
19:31 of 2nd period - Paul Gaustad wins face-off versus Andrew Ebbett in Wild zone.

Period #3

0:01 of 3rd period - Ryan Getzlaf wins face-off versus Nicklas Backstrom in neutral zone.
0:08 of 3rd period - Shot by Bobby Ryan.
0:08 of 3rd period - Stopped by Pekka Rinne without a rebound.
0:09 of 3rd period - Mikhail Grabovski wins face-off versus Mike Modano in Predators zone.
0:42 of 3rd period - Shot by Jeff Carter.
0:42 of 3rd period - Stopped by Chris Mason without a rebound.
0:43 of 3rd period - Ryan Getzlaf wins face-off versus Nicklas Backstrom in Wild zone.
1:20 of 3rd period - Bobby Ryan is hit by Braydon Coburn and loses puck.
1:22 of 3rd period - Minor Penalty to Braydon Coburn for Holding.
1:23 of 3rd period - Jeff Carter wins face-off versus Milan Michalek in Predators zone.
1:44 of 3rd period - Minor Penalty to Tom Gilbert for Diving.
1:45 of 3rd period - Nicklas Backstrom wins face-off versus Ryan Getzlaf in Wild zone.
2:10 of 3rd period - Shot by Nicklas Backstrom.
2:10 of 3rd period - Stopped by Chris Mason without a rebound.
2:11 of 3rd period - Jeff Carter wins face-off versus Ryan Getzlaf in Wild zone.
2:17 of 3rd period - Steven Stamkos is hit by Niclas Wallin and loses puck.
2:22 of 3rd period - Shot by Steven Stamkos.
2:22 of 3rd period - Stopped by Chris Mason without a rebound.
2:23 of 3rd period - Christopher Higgins wins face-off versus Jeff Carter in Wild zone.
3:05 of 3rd period - Icing by Sami Salo.
3:06 of 3rd period - Christopher Higgins wins face-off versus Nicklas Backstrom in Wild zone.
3:06 of 3rd period - Christopher Higgins is hit by Nicklas Backstrom.
3:26 of 3rd period - Shot by Marian Gaborik.
3:26 of 3rd period - Deflect By Max Pacioretty.
3:26 of 3rd period - Stopped by Chris Mason without a rebound.
3:27 of 3rd period - Nicklas Backstrom wins face-off versus Mike Modano in Wild zone.
3:34 of 3rd period - Shot by Patric Hornqvist.
3:34 of 3rd period - Shot Blocked by Joni Pitkanen.
3:47 of 3rd period - Minor Penalty to Joni Pitkanen for Holding.
3:48 of 3rd period - Ryan Getzlaf wins face-off versus Mikhail Grabovski in Wild zone.
4:08 of 3rd period - Shot by Jeff Carter.
4:08 of 3rd period - Stopped by Chris Mason with a rebound.
4:10 of 3rd period - Shot by Braydon Coburn.
4:10 of 3rd period - Shot Misses the Net.
4:12 of 3rd period - Shot by Steven Stamkos.
4:12 of 3rd period - Stopped by Chris Mason with a rebound.
4:14 of 3rd period - Shot by Jeff Carter.
4:14 of 3rd period - Goal by Jeff Carter - Predators : 3 - Wild : 1.
4:15 of 3rd period - Mike Modano wins face-off versus T.J. Galiardi in neutral zone.
4:31 of 3rd period - Icing by Zbynek Michalek.
4:32 of 3rd period - T.J. Galiardi wins face-off versus Ryan Getzlaf in Predators zone.
6:22 of 3rd period - Shot by Mike Modano.
6:22 of 3rd period - Stopped by Pekka Rinne without a rebound.
6:23 of 3rd period - Nicklas Backstrom wins face-off versus Christopher Higgins in Predators zone.
6:39 of 3rd period - Shot by Nicklas Backstrom.
6:39 of 3rd period - Stopped by Chris Mason without a rebound.
6:40 of 3rd period - Mike Modano wins face-off versus Jeff Carter in Wild zone.
6:40 of 3rd period - Minor Penalty to Jeff Carter for Tripping.
6:41 of 3rd period - Alexei Ponikarovsky wins face-off versus Nicklas Backstrom in Predators zone.
6:54 of 3rd period - Shot by Christopher Higgins.
6:54 of 3rd period - Shot Blocked by Nicklas Backstrom.
6:56 of 3rd period - Shot by Joni Pitkanen.
6:56 of 3rd period - Stopped by Pekka Rinne without a rebound.
6:57 of 3rd period - Paul Gaustad wins face-off versus Ryan Getzlaf in Predators zone.
7:10 of 3rd period - Shot by Ryan Getzlaf.
7:10 of 3rd period - Stopped by Pekka Rinne without a rebound.
7:11 of 3rd period - Paul Gaustad wins face-off versus Milan Michalek in Predators zone.
7:24 of 3rd period - Shot by Andrei Markov.
7:24 of 3rd period - Stopped by Pekka Rinne without a rebound.
7:25 of 3rd period - Nicklas Backstrom wins face-off versus Ryan Getzlaf in Predators zone.
7:34 of 3rd period - Shot by Joni Pitkanen.
7:34 of 3rd period - Stopped by Pekka Rinne without a rebound.
7:35 of 3rd period - Bobby Ryan wins face-off versus Paul Gaustad in Predators zone.
7:40 of 3rd period - Shot by Andrei Markov.
7:40 of 3rd period - Stopped by Pekka Rinne without a rebound.
7:41 of 3rd period - Ryan Getzlaf wins face-off versus Nicklas Backstrom in Predators zone.
7:52 of 3rd period - Shot by Joni Pitkanen.
7:52 of 3rd period - Shot Blocked by Brent Burns.
7:54 of 3rd period - Shot by Bobby Ryan.
7:54 of 3rd period - Deflect By Ryan Getzlaf.
7:54 of 3rd period - Shot Misses the Net.
7:56 of 3rd period - Shot by Joni Pitkanen.
7:56 of 3rd period - Shot Misses the Net.
7:58 of 3rd period - Shot by Bobby Ryan.
7:58 of 3rd period - Shot Misses the Net.
8:00 of 3rd period - Shot by Bobby Ryan.
8:00 of 3rd period - Stopped by Pekka Rinne without a rebound.
8:01 of 3rd period - Paul Gaustad wins face-off versus Bobby Ryan in Predators zone.
8:10 of 3rd period - Shot by Tom Gilbert.
8:10 of 3rd period - Shot Misses the Net.
8:12 of 3rd period - Shot by Andrei Markov.
8:12 of 3rd period - Stopped by Pekka Rinne without a rebound.
8:13 of 3rd period - Paul Gaustad wins face-off versus Ryan Getzlaf in Predators zone.
8:22 of 3rd period - Shot by Joni Pitkanen.
8:22 of 3rd period - Deflect By Ryan Getzlaf.
8:22 of 3rd period - Stopped by Pekka Rinne without a rebound.
8:23 of 3rd period - Bobby Ryan wins face-off versus Paul Gaustad in Predators zone.
8:31 of 3rd period - Shot by Tom Gilbert.
8:31 of 3rd period - Shot Hit the Post.
8:35 of 3rd period - Shot by Andrei Markov.
8:35 of 3rd period - Shot Misses the Net.
8:37 of 3rd period - Shot by Andrei Markov.
8:37 of 3rd period - Shot Blocked by Braydon Coburn.
8:41 of 3rd period - Shot by Bobby Ryan.
8:41 of 3rd period - Stopped by Pekka Rinne with a rebound.
8:58 of 3rd period - Shot by Mike Modano.
8:58 of 3rd period - Stopped by Pekka Rinne without a rebound.
8:59 of 3rd period - Nicklas Backstrom wins face-off versus Alexei Ponikarovsky in Predators zone.
9:27 of 3rd period - Braydon Coburn is hit by Alexei Ponikarovsky and loses puck.
9:43 of 3rd period - Icing by Joni Pitkanen.
9:44 of 3rd period - Patric Hornqvist wins face-off versus Ryan Getzlaf in Wild zone.
9:45 of 3rd period - Shot by Simon Gagne.
9:45 of 3rd period - Stopped by Chris Mason without a rebound.
9:46 of 3rd period - Paul Gaustad wins face-off versus Bobby Ryan in Wild zone.
9:46 of 3rd period - Paul Gaustad is hit by Tom Gilbert.
10:03 of 3rd period - Minor Penalty to Paul Gaustad for Tripping.
10:04 of 3rd period - Jeff Carter wins face-off versus Bobby Ryan in Predators zone.
10:10 of 3rd period - Icing by Bobby Ryan.
10:11 of 3rd period - Bobby Ryan wins face-off versus Nicklas Backstrom in Wild zone.
10:31 of 3rd period - Off-side.
10:32 of 3rd period - Ryan Getzlaf wins face-off versus Jeff Carter in neutral zone.
11:00 of 3rd period - Shot by Joni Pitkanen.
11:00 of 3rd period - Stopped by Pekka Rinne without a rebound.
11:01 of 3rd period - Jeff Carter wins face-off versus Bobby Ryan in Predators zone.
11:14 of 3rd period - Shot by Tom Gilbert.
11:14 of 3rd period - Shot Misses the Net.
12:19 of 3rd period - Icing by Zbynek Michalek.
12:20 of 3rd period - Brandon Prust wins face-off versus Ryan Getzlaf in Predators zone.
12:30 of 3rd period - Icing by Joni Pitkanen.
12:31 of 3rd period - Mikhail Grabovski wins face-off versus Ryan Getzlaf in Wild zone.
12:34 of 3rd period - Shot by Brent Burns.
12:34 of 3rd period - Shot Misses the Net.
12:36 of 3rd period - Shot by Jeff Carter.
12:36 of 3rd period - Shot Misses the Net.
12:40 of 3rd period - Shot by Marian Gaborik.
12:40 of 3rd period - Shot Blocked by Sami Salo.
12:44 of 3rd period - Shot by Marian Gaborik.
12:44 of 3rd period - Shot Misses the Net.
12:46 of 3rd period - Shot by Tomas Kaberle.
12:46 of 3rd period - Shot Misses the Net.
13:09 of 3rd period - Icing by Sami Salo.
13:10 of 3rd period - Paul Gaustad wins face-off versus Ryan Getzlaf in Wild zone.
13:32 of 3rd period - Shot by Mike Modano.
13:32 of 3rd period - Stopped by Pekka Rinne without a rebound.
13:33 of 3rd period - Mike Modano wins face-off versus Nicklas Backstrom in Predators zone.
13:42 of 3rd period - Shot by Andrei Markov.
13:42 of 3rd period - Shot Blocked by Nicklas Backstrom.
13:54 of 3rd period - Shot by Steven Stamkos.
13:54 of 3rd period - Shot Misses the Net.
14:51 of 3rd period - Patric Hornqvist is hit by Bobby Ryan and loses puck.
15:16 of 3rd period - Shot by Mikhail Grabovski.
15:16 of 3rd period - Shot Misses the Net.
15:20 of 3rd period - Shot by Jeff Carter.
15:20 of 3rd period - Shot Blocked by Sami Salo.
15:36 of 3rd period - Shot by Mikhail Grabovski.
15:36 of 3rd period - Stopped by Chris Mason without a rebound.
15:37 of 3rd period - Nicklas Backstrom wins face-off versus Ryan Getzlaf in Wild zone.
15:38 of 3rd period - Shot by Steven Stamkos.
15:38 of 3rd period - Stopped by Chris Mason with a rebound.
15:41 of 3rd period - Icing by Niclas Wallin.
15:42 of 3rd period - Ryan Getzlaf wins face-off versus Mikhail Grabovski in Wild zone.
16:09 of 3rd period - Alexei Ponikarovsky is hit by Brent Burns and loses puck.
16:15 of 3rd period - Minor Penalty to Joel Ward for Interference.
16:16 of 3rd period - Mike Modano wins face-off versus Nicklas Backstrom in Wild zone.
16:37 of 3rd period - Shot by Steven Stamkos.
16:37 of 3rd period - Stopped by Chris Mason without a rebound.
16:38 of 3rd period - Ryan Getzlaf wins face-off versus Mikhail Grabovski in Wild zone.
16:38 of 3rd period - Ryan Getzlaf is hit by Steven Stamkos.
16:52 of 3rd period - Shot by Brent Burns.
16:52 of 3rd period - Deflect By Steven Stamkos.
16:52 of 3rd period - Stopped by Chris Mason without a rebound.
16:53 of 3rd period - Nicklas Backstrom wins face-off versus Ryan Getzlaf in Wild zone.
16:53 of 3rd period - Nicklas Backstrom is hit by Joni Pitkanen.
17:01 of 3rd period - Shot by Marian Gaborik.
17:01 of 3rd period - Stopped by Chris Mason with a rebound.
17:11 of 3rd period - Shot by Nicklas Backstrom.
17:11 of 3rd period - Stopped by Chris Mason without a rebound.
17:12 of 3rd period - Mikhail Grabovski wins face-off versus Mike Modano in Wild zone.
17:13 of 3rd period - Shot by Steven Stamkos.
17:13 of 3rd period - Shot Misses the Net.
18:16 of 3rd period - Icing by Nicklas Backstrom.
18:17 of 3rd period - T.J. Galiardi wins face-off versus Bobby Ryan in Predators zone.
18:36 of 3rd period - Shot by Chad LaRose.
18:36 of 3rd period - Shot Misses the Net.
18:40 of 3rd period - Shot by Chad LaRose.
18:40 of 3rd period - Shot Blocked by Tom Gilbert.
18:42 of 3rd period - Shot by T.J. Galiardi.
18:42 of 3rd period - Stopped by Chris Mason without a rebound.
18:43 of 3rd period - Ryan Getzlaf wins face-off versus Nicklas Backstrom in Wild zone.
18:43 of 3rd period - Joni Pitkanen is hit by Max Pacioretty and loses puck.
19:25 of 3rd period - Jeff Carter is hit by Ryan Getzlaf and loses puck.
19:38 of 3rd period - Shot by Mikhail Grabovski.
19:38 of 3rd period - Shot Blocked by Niclas Wallin.
19:42 of 3rd period - Shot by Nicklas Backstrom.
19:42 of 3rd period - Deflect By Jeff Carter.
19:42 of 3rd period - Stopped by Chris Mason without a rebound.
19:43 of 3rd period - Marian Gaborik wins face-off versus Bobby Ryan in Wild zone.
19:46 of 3rd period - Shot by Marian Gaborik.
19:46 of 3rd period - Stopped by Chris Mason without a rebound.
19:47 of 3rd period - Marian Gaborik wins face-off versus Bobby Ryan in Wild zone.
19:56 of 3rd period - Shot by Marian Gaborik.
19:56 of 3rd period - Stopped by Chris Mason without a rebound.
19:57 of 3rd period - Jeff Carter wins face-off versus Milan Michalek in Wild zone.


Output by the SimonT Hockey Simulator (STHS) for Stephane Roy -- Original Page W3C XHTML 1.0 Valid